 Dungeon Crawl Stone Soup version 0.21.1-1-g345015f (webtiles) character file.

108 Fang the Skirmisher (level 4, -3/30 HPs)
             Began as a Gargoyle Berserker on May 15, 2018.
             Was a Believer of Trog.
             Slain by a phantom (8 damage)
             ... on level 4 of the Dungeon.
             The game lasted 00:02:04 (2418 turns).

Fang the Skirmisher (Gargoyle Berserker)            Turns: 2418, Time: 00:02:05

Health: -3/30      AC:  5    Str: 21    XL:     4   Next: 87%
Magic:  4/4        EV: 12    Int:  8    God:    Trog [**....]
Gold:   82         SH:  0    Dex:  9    Spells: 3/3 levels left

rFire    . . .     SeeInvis .   a - +0 hand axe
rCold    . . .     Gourm    .   (no shield)
rNeg     + . .     Faith    .   b - +0 animal skin
rPois    ∞         Spirit   .   (no helmet)
rElec    +         Reflect  .   (no cloak)
rCorr    .         Harm     .   (no gloves)
MR       .....                  (no boots)
Stlth    +.........             (no amulet)
HPRegen  0.10/turn              (no ring)
MPRegen  0.09/turn              (no ring)

@: no status effects
A: negative energy resistance 1, electricity resistance, unbreathing,
petrification resistance, rot immunity, AC +3
a: Berserk, Trog's Hand, Burn Spellbooks, Renounce Religion


You were on level 4 of the Dungeon.
You worshipped Trog.
Trog was pleased with you.
You were hungry.

You visited 1 branch of the dungeon, and saw 4 of its levels.

You collected 82 gold pieces.

Inventory:

Hand Weapons
 a - a +0 hand axe (weapon)
Armour
 b - a +0 animal skin (worn)
Jewellery
 h - a +3 ring of dexterity {unknown}
Wands
 j - a wand of flame (23)
Scrolls
 d - a scroll of remove curse {unknown}
 f - 3 scrolls of identify {unknown}
 m - 2 scrolls of teleportation {unknown}
Potions
 e - a potion of might {unknown}
 g - 2 potions of curing {unknown}
 i - a potion of magic {unknown}
 k - a potion of flight {unknown}
 l - a potion of invisibility {unknown}
Comestibles
 c - 3 rations


   Skills:
 + Level 4.3 Fighting
 + Level 3.8 Axes
 + Level 2.3 Armour
 + Level 2.1 Dodging
 + Level 0.2 Stealth


You had 3 spell levels left.
You didn't know any spells.

Dungeon Overview and Level Annotations

Branches:
Dungeon (4/15)
 Temple: D:4-7

Altars:
Makhleb

Annotations:
D:3 dedward's ghost, amateur TrBe


Innate Abilities, Weirdness & Mutations

You are resistant to torment.
Your stone body is resilient. (AC +3)
You are immune to poison.
You resist negative energy. (rN+)
You are resistant to electric shocks. (rElec)
You can survive without breathing.
You are immune to petrification.
You are immune to rotting.


Message History

You are too injured to fight recklessly!
You are too injured to fight recklessly!
You are too injured to fight recklessly!
You are too injured to fight recklessly!
You are too injured to fight recklessly!
You are too injured to fight recklessly!
The phantom hits you.
* * * LOW HITPOINT WARNING * * *
You climb downwards.
There is a stone staircase leading up here.
You miss the phantom.
The phantom is lightly damaged.
The phantom hits you.
* * * LOW HITPOINT WARNING * * *
The phantom blinks!
The phantom misses you.
You hit the phantom.
The phantom is moderately damaged.
The phantom hits you!
You die...

#.# #.# ..#
#.# #.# #.# #
#.#######
#(###........
#[.<.@W#####.
######.# .#
.# .# ##


You could see a phantom.

Vanquished Creatures
  Jessica (D:2)
  A worker ant (D:4)
  An adder (D:2)
  2 worms (D:2)
  3 dart slugs
  2 leopard geckos
  4 bats
  2 giant cockroaches (D:2)
  6 goblins
  2 hobgoblins (D:1)
  3 jackals (D:2)
  6 kobolds
  4 rats
37 creatures vanquished.

Notes
Turn   | Place    | Note
-------+----------+-------------------------------------------
     0 | D:1      | Fang the Gargoyle Berserker began the quest for the Orb.
     0 | D:1      | Reached XP level 1. HP: 14/14 MP: 1/1
   167 | D:1      | Reached XP level 2. HP: 18/19 MP: 2/2
   670 | D:2      | Reached skill level 4 in Fighting
   670 | D:2      | Reached XP level 3. HP: 18/24 MP: 3/3
   871 | D:2      | Reached ** piety under Trog
  1140 | D:2      | Found a burning altar of Makhleb.
  1202 | D:2      | Noticed Jessica
  1206 | D:2      | Killed Jessica
  1206 | D:2      | Reached XP level 4. HP: 29/29 MP: 4/4
  1411 | D:3      | Noticed a phantom
  1417 | D:3      | Noticed dedward's ghost (amateur TrBe)
  2418 | D:4      | Slain by a phantom

Skill      XL: |  1  2  3  4 |
---------------+-------------+-----
Axes           | 3 |  3.8
Fighting       | 4 |  4.3
Dodging        | 2 |  2.1
Armour         | |  2.3
Stealth        | |  0.2

Action                   |  1- 3 |  4- 6 || total
-------------------------+-------+-------++-------
Melee: Hand axe          |   109 |    69 ||   178
Invok: Berserk           |     1 |     1 ||     2
  Eat: Chunk             |     2 |     1 ||     3
       Ration            |       |     1 ||     1
Armor: Animal skin       |    34 |    12 ||    46
Dodge: Dodged            |    64 |    53 ||   117
